 Dungeon Crawl Stone Soup version 0.29.0-4-gdea44cf6ec (webtiles) character file.

Game seed: 6331595127366872404

45 qw the Chopper (level 3, 0/21 HPs)
             Began as a Tengu Warper on Aug 28, 2022.
             Slain by Terence
             ... wielding a +1 vorpal flail
              (7 damage)
             ... on level 2 of the Dungeon.
             The game lasted 00:00:07 (1148 turns).

qw the Chopper (Tengu Warper)                       Turns: 1148, Time: 00:00:08

Health: 0/21       AC:  9    Str: 13    XL:     3   Next: 64%
Magic:  7/7        EV:  6    Int: 13    God:
Gold:   68         SH:  0    Dex: 13    Spells: 6/6 levels left

rFire   . . .      SeeInvis .   Y - +0 hand axe
rCold   . . .      Faith    .   (no shield)
rNeg    . . .      Spirit   .   i - +0 chain mail
rPois   .          Reflect  .   (helmet restricted)
rElec   .          Harm     .   (no cloak)
rCorr   .          Rampage  .   m - +0 pair of gloves
Will    .....                   (boots unavailable)
Stlth   ..........              (no amulet)
HPRegen 0.07/turn               (no ring)
MPRegen 0.10/turn               (no ring)

@: no status effects
A: beak, talons 3
a: no special abilities


You were on level 2 of the Dungeon.
You visited 1 branch of the dungeon, and saw 2 of its levels.

You collected 68 gold pieces.


Innate Abilities, Weirdness & Mutations

You have a beak for a mouth.
You have claws for feet.


   Skills:
 - Level 2.0 Fighting
 + Level 4.3 Axes
 - Level 1.0 Throwing
 - Level 1.1 Armour
 - Level 2.1 Dodging
 - Level 2.0 Spellcasting
 - Level 2.4 Translocations


You had 6 spell levels left.
You didn't know any spells.
Your spell library contained the following spells:

 Spells                   Type           Power      Damage    Failure   Level
 Blink                    Tloc           14%        N/A       99%         2
 Gell's Gravitas          Tloc           7%         N/A       100%        3
 Lesser Beckoning         Tloc           7%         N/A       100%        3
 Teleport Other           Tloc           7%         N/A       100%        3
 Manifold Assault         Tloc           7%         N/A       100%        5

Inventory:

Hand Weapons
 d - a +0 club
 Y - a +0 hand axe (weapon)
Armour
 i - a +0 chain mail (worn)
 m - a +0 pair of gloves (worn)
Scrolls
 g - a scroll of identify
Potions
 f - a potion of brilliance {unknown}
 j - a potion of curing {unknown}

Dungeon Overview and Level Annotations

Branches:
Dungeon (2/15)

Altars:

Annotations:
D:2 Terence


Message History

Found a leather armour.
A kobold comes into view. It is wielding a +0 dagger.
You miss the kobold. The kobold hits you with a +0 dagger.
You barely miss the kobold. Your kick misses the kobold.
Your peck misses the kobold. The kobold hits you but does no damage.
You closely miss the kobold. Your kick misses the kobold.
The kobold barely misses you.
You hit the kobold.
You kill the kobold!
You start resting.
HP restored.
Things that are here:
a +0 dagger; a kobold corpse
Found 5 stones.
Terence the Incautious comes into view.
He is wielding a +1 vorpal flail.
Found a glowing coppery potion.
Terence shouts!
A quokka comes into view.
1141 ||| Stepping ~*~*~tactically~*~*~ (stealth).
You barely miss Terence. You peck Terence, but do no damage.
Terence hits you with a +1 vorpal flail.
You completely miss Terence. You peck Terence.
Terence is lightly wounded.
Terence barely misses you.
You barely miss Terence. You claw Terence!
Terence is severely wounded.
Terence hits you with a +1 vorpal flail.
You barely miss Terence. You claw Terence, but do no damage.
Terence is severely wounded.
You closely miss the quokka. Terence hits you but does no damage.
The quokka barely misses you.
You hit Terence but do no damage. You peck Terence, but do no damage.
Terence is severely wounded.
You closely miss the quokka.
The quokka bites you but does no damage.
Terence asks, "Do you want it fast or slow?"
Terence hits you with a +1 vorpal flail!
You die...

##. # #.#. #.. #
#.#. #.# # #.#! #.#
## ... #.# ####. #..
#.# ##...# #..
##.#######...#.
#.@###........).....
#(r@..............##
#.......############
#####...# #.. #...#
#.# #...# # #.....
#...### #...# .


You could see Terence and a quokka.

Vanquished Creatures
  An adder (D:2)
  2 dart slugs (D:1)
  3 ball pythons
  3 endoplasms (D:1)
  2 goblins (D:1)
  2 hobgoblins
  2 quokkas (D:1)
  A bat (D:1)
  8 frilled lizards (D:1)
  7 kobolds
  3 rats (D:1)
34 creatures vanquished.

Notes
Turn   | Place    | Note
-------+----------+-------------------------------------------
     0 | D:1      | qw the Tengu Warper began the quest for the Orb.
     0 | D:1      | Reached XP level 1. HP: 12/12 MP: 4/4
     0 | D:1      | 0 ||| qw: Version: 0.1-a-89-g26bdef1
     0 | D:1      | 0 ||| qw: Game counter: 1944
     0 | D:1      | 0 ||| qw: Always use a shield: true
     0 | D:1      | 0 ||| qw: God list: Okawaru
     0 | D:1      | 0 ||| qw: Allow faded altars: false
     0 | D:1      | 0 ||| qw: Do Orc after D:15 true
     0 | D:1      | 0 ||| qw: Do second Lair branch before Depths: true
     0 | D:1      | 0 ||| qw: Lair rune preference: random
     0 | D:1      | 0 ||| qw: Plans: Normal
     0 | D:1      | 0 ||| PLANNING D:1-11
    83 | D:1      | 83 ||| Stepping ~*~*~tactically~*~*~ (stealth).
   160 | D:1      | Reached XP level 2. HP: 16/17 MP: 6/6
   192 | D:1      | 192 ||| Stepping ~*~*~tactically~*~*~ (stealth).
   196 | D:1      | Reached skill level 3 in Axes
   272 | D:1      | Found a faded altar of an unknown god.
   391 | D:1      | 391 ||| Stepping ~*~*~tactically~*~*~ (stealth).
   395 | D:1      | 395 ||| Stepping ~*~*~tactically~*~*~ (stealth).
   398 | D:1      | 398 ||| Stepping ~*~*~tactically~*~*~ (stealth).
   401 | D:1      | 401 ||| Stepping ~*~*~tactically~*~*~ (stealth).
   413 | D:1      | 413 ||| Stepping ~*~*~tactically~*~*~ (stealth).
   415 | D:1      | 415 ||| Stepping ~*~*~tactically~*~*~ (stealth).
   417 | D:1      | 417 ||| Stepping ~*~*~tactically~*~*~ (stealth).
   418 | D:1      | 418 ||| Stepping ~*~*~tactically~*~*~ (stealth).
   420 | D:1      | 420 ||| Stepping ~*~*~tactically~*~*~ (stealth).
   422 | D:1      | 422 ||| Stepping ~*~*~tactically~*~*~ (stealth).
   613 | D:1      | Reached XP level 3. HP: 20/21 MP: 7/7
   823 | D:1      | Reached skill level 4 in Axes
   904 | D:1      | 904 ||| UPGRADING to +0 chain mail.
   914 | D:1      | 914 ||| DROPPING +0 leather armour.
   915 | D:1      | 915 ||| UPGRADING to +0 pair of gloves.
   920 | D:1      | 920 ||| READING scroll labelled ENAELI XYGUQA.
   925 | D:1      | 925 ||| READING 2 scrolls labelled MUEG DAAMAUKHY.
   926 | D:1      | 926 ||| READING scroll labelled ROUSEY ENAICW.
   927 | D:1      | 927 ||| READING scroll labelled QEES NIEMATS.
   928 | D:1      | 928 ||| DRINKING 2 fuming coppery potions.
   929 | D:1      | 929 ||| DROPPING scroll of blinking.
   930 | D:1      | 930 ||| DROPPING potion of invisibility.
   946 | D:2      | 946 ||| Stepping ~*~*~tactically~*~*~ (stealth).
  1139 | D:2      | Noticed Terence
  1141 | D:2      | 1141 ||| Stepping ~*~*~tactically~*~*~ (stealth).
  1148 | D:2      | Slain by Terence

Levels and vault maps discovered:
D:1:      ebering_hopf_link, layout_rooms, shapermc_ecumenical_altar_rom_forum,
          serial_park_tiny_2, minmay_lizard_pond
D:2:      layout_loops_ring, uniq_terence, uniq_robin

Skill      XL: |  1  2  3 |
---------------+----------+-----
Axes           | 3 4 |  4.3
Fighting       | |  2.0
Throwing       | |  1.0
Armour         | |  1.1
Dodging        | |  2.1
Spellcasting   | |  2.0
Translocations | |  2.4

Action                   || total
-------------------------++-------
Melee: Hand axe          ||    74
       Kick              ||    14
       Peck              ||     9
Throw: Boomerang         ||     7
  Use: Scroll            ||     4
       Potion            ||     1
Armor: Leather armour    ||    11
       Chain mail        ||    11
Dodge: Dodged            ||    26

Table legend:
 A = Non-vault XP
 B = Vault XP
 C = Vault XP percentage of total XP
 D = Non-vault monster count
 E = Vault monster count
 F = Vault count percentage of total count
                 A         B        C        D         E       F
            +---------+---------+-------+---------+---------+-------
      Total |      60 |       5 |   7.7 |      29 |       5 |  14.7
            +---------+---------+-------+---------+---------+-------
        D:1 |      41 |       5 |  10.9 |      25 |       5 |  16.7
        D:2 |      19 |       0 |   0.0 |       4 |       0 |   0.0
            +---------+---------+-------+---------+---------+-------
